 Dungeon Crawl Stone Soup version 0.15.1-1-gfacfea3 (webtiles) character file.

191 Rooster the Skirmisher (level 5, -1/47 HPs)
             Began as a Minotaur Fighter on Sept 24, 2014.
             Slain by aredel's ghost (6 damage)
             ... on Level 3 of the Dungeon.
             The game lasted 00:12:13 (2331 turns).

Rooster the Skirmisher (Minotaur Fighter)           Turns: 2331, Time: 00:12:13

HP  -1/47        AC  8     Str 22      XL: 5   Next: 41%
MP   0/2         EV  7     Int  5      God:
Gold 58          SH  9     Dex  9      Spells:  0 memorised,  4 levels left

rFire  + . .     SeeInvis .     a - +0 war axe
rCold  + . .     Clarity  .     b - +0 scale mail
rNeg   . . .     rCorr    .     c - +0 shield
rPois  .         rRot     .     (helmet restricted)
rElec  .         Spirit   +     (no cloak)
SustAb .         Warding  .     (no gloves)
rMut   .         Stasis   .     x - +0 pair of boots
Gourm  .                        o - amulet of guardian spirit
MR     .....                    n - ring of protection from fire
                                h - ring of protection from cold

@: not resistant to hostile enchantments, extremely unstealthy
A: retaliatory headbutt, horns 2
a: no special abilities


You were on level 3 of the Dungeon.
You were hungry.

You visited 1 branch of the dungeon, and saw 3 of its levels.
You also visited: Sewer.

You collected 58 gold pieces.

Inventory:

Hand weapons
 a - a +0 war axe (weapon)
Missiles
 g - a poisoned needle
Armour
 b - a +0 scale mail (worn)
 c - a +0 shield (worn)
 x - a +0 pair of boots (worn)
Magical devices
 t - a wand of draining (8)
Comestibles
 d - a bread ration
 r - 5 fruits
 s - a meat ration
Scrolls
 f - 2 scrolls of fog {unknown}
 i - a scroll of noise {unknown}
 k - a scroll of teleportation {unknown}
 l - a scroll of enchant weapon {unknown}
 m - 4 scrolls of identify
 p - a scroll of blinking {unknown}
 q - 2 scrolls of immolation {unknown}
Jewellery
 h - a ring of protection from cold (left hand)
 n - a ring of protection from fire (right hand)
 o - an amulet of guardian spirit (around neck)
Potions
 e - a potion of might
 j - a potion of heal wounds
 u - a potion of curing
 v - 2 potions of flight
 w - a potion of agility


   Skills:
 + Level 4.7 Fighting
 + Level 4.3 Axes
 + Level 4.7 Armour
 + Level 4.7 Shields


You had 4 spell levels left.
You didn't know any spells.

Dungeon Overview and Level Annotations

Branches:
Dungeon (3/15)

Altars:
Trog

Annotations:
D:3 aredel's ghost, average GrFi


Innate Abilities, Weirdness & Mutations

You reflexively headbutt those who attack you in melee.
You have a pair of horns on your head.


Message History

You block aredel's ghost's attack.
You hit aredel's ghost.
Aredel's ghost is severely damaged.
You block aredel's ghost's attack.
Aredel's ghost says, "You can hit me, but you can't hurt me."
Aredel's ghost hits you!
Your shield and scale mail prevent you from hitting aredel's ghost.
Aredel's ghost is severely damaged.
Aredel's ghost hits you!
* * * LOW HITPOINT WARNING * * *
You feel better. You block aredel's ghost's attack.
You completely miss aredel's ghost.
Aredel's ghost is severely damaged.
Aredel's ghost hits you.
* * * LOW HITPOINT WARNING * * *
You hit aredel's ghost.
Aredel's ghost is severely damaged.
Aredel's ghost hits you but does no damage.
Aredel's ghost hits you.
You die...

## . .### .. . . ..###.# .#
. ##.....# ##### .###.
#...## #...# .##..# #.#..#
#...# <##.#
#.##W######...## .#..##
#####.##.@.........#
.....###.....########.....#
..........................#
.....#..#############.....#
.......## ##...## #.....##
#>..# ..%..## #...# #....#
##### ######


You could see aredel's ghost.

Vanquished Creatures
  A big kobold (Sewer)
  2 adders (D:3)
  3 gnolls (D:2)
  2 green rats (Sewer)
  2 giant mites (D:3)
  4 giant cockroaches
  7 goblins
  4 hobgoblins
  A jackal (Sewer)
  7 bats
  A giant gecko (D:2)
  2 giant newts
  9 kobolds
  9 rats
54 creatures vanquished.

Notes
Turn   | Place    | Note
--------------------------------------------------------------
     0 | D:1      | Rooster, the Minotaur Fighter, began the quest for the Orb.
     0 | D:1      | Reached XP level 1. HP: 19/19 MP: 1/1
   289 | D:2      | Reached XP level 2. HP: 27/27 MP: 1/1
   550 | D:2      | Reached skill level 4 in Armour
   550 | D:2      | Reached XP level 3. HP: 18/33 MP: 2/2
  1331 | D:2      | Found a bloodstained altar of Trog.
  1422 | D:3      | Reached XP level 4. HP: 40/40 MP: 2/2
  1525 | D:3      | Found a glowing drain.
  1590 | Sewer    | Entered a sewer
  1709 | Sewer    | Noticed a big kobold
  1715 | Sewer    | Killed a big kobold
  1715 | Sewer    | Reached XP level 5. HP: 26/47 MP: 2/2
  1989 | Sewer    | Found a white marble altar of Elyvilon.
  2318 | D:3      | Noticed aredel's ghost (average GrFi)
  2331 | D:3      | Slain by aredel's ghost

Action                   |  1- 3 |  4- 6 || total
-------------------------+-------+-------++-------
Melee: War axe           |    82 |    76 ||   158
  Use: Scroll            |       |     4 ||     4
       Potion            |       |     4 ||     4
  Eat: Chunk             |       |     4 ||     4
